AoeStats
← DLAGON_MILENALIO

Arabia

503462380Analyzed
2v2 RM · 1mo ago on Aug 31, 2026· 30m 31s· 4 players
Game mode
Random Map
Map size
Medium (4 player)
Population
200
Speed
Normal
Resources
Standard
Victory
Conquest
Starting age
Dark Age
Ending age
Imperial Age
RankedLock teamsTeams togetherTeam positionsShared explorationLock speedFull tech treeHidden civsTurbo modeCheats
Victory
Defeat
🇨🇴 Ethiopians · Colombia
1256
+19
🇨🇦 Burgundians · Canada
1245
+16
🇺🇾 Britons · Uruguay
1276
-17
🇺🇸 Sicilians · United States
1222
-15
Riper-Kun
6:53 Loom
10:11 Feudal Age
10:44 Double-Bit Axe
11:21 Horse Collar
16:26 Bow Saw
19:58 Scale Barding Armor
20:05 Forging
21:07 Heavy Plow
21:40 Fletching
23:29 Wheelbarrow
25:44 Castle Age
24:11 Gold Mining
26:38 Gold Shaft Mining
27:28 Chain Barding Armor
26:30 Cavalier
28:09 Iron Casting
27:44 Husbandry
DLAGON_MILENALIO
7:11 Loom
7:17 Loom
9:57 Feudal Age
10:52 Double-Bit Axe
12:05 Town Watch
15:49 Padded Archer Armor
15:51 Fletching
16:49 Padded Archer Armor
25:24 Castle Age
24:09 Horse Collar
26:02 Bodkin Arrow
25:28 Crossbowman
26:59 Wheelbarrow
28:30 Leather Archer Armor
31:12 Thumb Ring
honestjake
7:42 Loom
10:13 Feudal Age
11:33 Horse Collar
23:14 Double-Bit Axe
26:54 Castle Age
25:00 Fletching
SantooKhan
6:17 Loom
9:37 Feudal Age
17:20 Fletching
18:15 Padded Archer Armor
26:14 Castle Age
25:14 Double-Bit Axe
25:10 Horse Collar
26:57 Bodkin Arrow
26:36 Crossbowman
28:07 Ballistics
29:42 Pikeman
Connection lost

Rejoining the realm…

Still unreachable

The connection could not be restored.

Session expired

The server has moved on; the page needs a fresh start.